BlackHawks vs Kings

Created - January-30-15 at 17:16

Goals
1 2 3 T
BlackHawks 2 1 0 3
Kings 1 2 3 6
Shots
1 2 3 T
BlackHawks 13 10 2 25
Kings 8 16 15 39

1st period

1. Kings , Kris Letang 19 (Dennis Seidenberg) at 2:46
2. BlackHawks , Chris Stewart 11 (Alex Galchenyuk, Dion Phaneuf) at 3:23 (PP)
3. BlackHawks , Alex Galchenyuk 18 (Luke Schenn, Martin Hanzal) at 10:20 (PP)

Penalties :
Ryan Nugent-Hopkins (LOS) for Hooking (Minor) at 2:47, Mike Komisarek (CHI) for Roughing (Minor) at 5:38, Tyler Myers (LOS) for High sticking (Minor) at 10:16, Zack Smith (CHI) for Goalie Interference (Minor) at 13:16, Colin Wilson (LOS) for Holding (Minor) at 16:57

2nd period

4. Kings , Kris Letang 20 (Mikael Granlund, Dennis Seidenberg) at 11:00 (PP)
5. BlackHawks , Alex Galchenyuk 19 (Martin Hanzal, Dion Phaneuf) at 13:20 (PP)
6. Kings , Ryan Nugent-Hopkins 26 (Tyler Myers, Tobias Enstrom) at 13:42

Penalties :
Douglas Murray (CHI) for Roughing (Minor) at 2:59, Brandon Bollig (CHI) for Hooking (Minor) at 9:04, Colton Sceviour (LOS) for Hooking (Minor) at 12:07, Martin Hanzal (CHI) for High sticking (Minor) at 13:49

3rd period

7. Kings , Colton Sceviour 1 (Kris Letang, Dennis Seidenberg) at 2:07 (PP)
8. Kings , Dennis Seidenberg 13 (Kris Letang, Ryan Nugent-Hopkins) at 12:50 (PP)
9. Kings , Michal Handzus 12 (Jamie McBain) at 12:56

Penalties :
Jarred Tinordi (CHI) for Roughing (Minor) at 1:30, Dion Phaneuf (CHI) for Interference (Minor) at 4:55, Jarred Tinordi (CHI) for Interference (Minor) at 5:28, Jarred Tinordi (CHI) for Holding (Minor) at 7:38, Martin Hanzal (CHI) for Tripping (Minor) at 12:14, Dennis Seidenberg (LOS) for Fighting (Major) at 16:58, Dion Phaneuf (CHI) for Fighting (Major) at 16:58

Goalie Stats

Eddie Lack (CHI), 33 saves from 39 shots - (0.846), L, 10-15-2, 60:00 minutes
Steve Mason (LOS), 22 saves from 25 shots - (0.880), W, 21-14-3, 60:00 minutes

Players Stats for BlackHawks

Player Name              G  A  P  +/- PIM S  H  SB GA TA FO     MP     PP MP  PK MP  
------------------------------------------------------------------------------------
Alex Galchenyuk          2  1  3  -1  0   9  0  1  0  0  0/3    19:02   2:28   4:00 
Brandon Bollig           0  0  0   0  2   3  3  0  0  0  0/1    16:11   1:24   7:13 
Chris Stewart            1  0  1  -1  0   1  3  0  0  0  0/0    15:02   2:28   0:00 
Dion Phaneuf             0  2  2  -1  7   0  0  3  0  0  0/0    23:18   1:23   6:51 
Douglas Murray           0  0  0  -2  2   2  1  4  0  0  0/0    19:03   1:50   5:31 
Dwight King              0  0  0   0  0   1  0  1  0  0  0/0    14:11   1:24   5:12 
Jared Boll               0  0  0  -2  0   0  0  0  0  0  0/0     8:09   0:00   0:00 
Jarred Tinordi           0  0  0  -1  6   0  2  0  0  0  0/0    19:01   1:23   0:32 
Lars Eller               0  0  0   0  0   1  0  0  0  0  10/15  14:32   1:24   0:54 
Luke Schenn              0  1  1   0  0   1  0  4  0  0  0/0    21:14   1:50   7:42 
Martin Hanzal            0  2  2  -1  4   3  3  0  0  0  19/33  20:13   2:28   5:13 
Matt Greene              0  0  0   0  0   0  4  7  0  0  0/0    22:15   0:39   8:42 
Mike Komisarek           0  0  0  -2  2   0  1  2  0  0  0/0    14:48   0:39   1:39 
Mike Richards            0  0  0   0  0   2  0  0  0  0  1/1    12:14   0:00   0:00 
Nathan Horton            0  0  0   0  0   0  0  2  0  0  0/0    12:17   0:00   0:03 
Patrick Bordeleau        0  0  0  -2  0   0  1  0  0  0  0/1     8:09   0:00   0:00 
Trevor Lewis             0  0  0  -2  0   1  1  0  0  0  2/6     8:09   0:00   0:00 
Zack Smith               0  0  0   0  2   1  2  0  0  0  11/26  14:59   0:00   7:25 

Players Stats for Kings

Player Name              G  A  P  +/- PIM S  H  SB GA TA FO     MP     PP MP  PK MP  
------------------------------------------------------------------------------------
Brian Gionta             0  0  0   0  0   2  1  0  0  0  1/1    12:41   0:00   0:00 
Colin Wilson             0  0  0   0  2   1  3  0  0  0  0/2    20:11   7:31   0:00 
Colton Sceviour          1  0  1   1  2   1  4  0  0  0  0/1    19:55   8:49   0:36 
Dennis Seidenberg        1  3  4   1  5   5  1  2  0  0  0/0    23:26   9:06   2:45 
Deryk Engelland          0  0  0   0  0   0  0  0  0  0  0/0     0:00   0:00   0:00 
Dustin Penner            0  0  0   0  0   0  0  0  0  0  0/0     6:46   0:00   0:00 
J.T. Brown               0  0  0   2  0   0  3  0  0  0  1/1    14:24   3:50   0:00 
Jamie McBain             0  1  1   1  0   4  0  4  0  0  0/0    17:47   4:38   0:00 
Kris Letang              2  2  4   1  0   8  1  1  0  0  0/0    25:31  10:58   2:45 
Michal Handzus           1  0  1   2  0   3  0  0  0  0  5/12   13:01   0:00   2:27 
Mikael Granlund          0  1  1   0  0   4  0  0  0  0  15/26  23:15   7:31   3:03 
Mikhail Grabovski        0  0  0   0  0   0  0  0  0  0  3/6     7:35   0:00   0:49 
Nate Thompson            0  0  0   2  0   1  1  1  0  0  0/1    10:34   0:00   0:00 
Robyn Regehr             0  0  0   1  0   0  1  1  0  0  0/0    12:44   0:00   0:00 
Ryan Nugent-Hopkins      1  1  2   1  2   4  4  1  0  0  17/34  25:21   8:05   0:00 
Sean Monahan             0  0  0   1  0   3  2  0  0  0  1/2    22:22  11:02   0:49 
Tobias Enstrom           0  1  1   1  0   1  0  0  0  0  0/0    17:37   0:00   1:07 
Tyler Myers              0  1  1   1  2   2  3  0  0  0  0/0    22:53   6:30   1:07 

3 Stars

1 - Kris Letang (LOS)
2 - Alex Galchenyuk (CHI)
3 - Dennis Seidenberg (LOS)

Power Play

BlackHawks - 3 on 4 Attempt(s) - 75.00%
Kings - 3 on 10 Attempt(s) - 30.00%

Penalty Kill

BlackHawks - 7 on 10 Attempt(s) - 70.00% - Score 0 goal in Penalty Kill
Kings - 1 on 4 Attempt(s) - 25.00% - Score 0 goal in Penalty Kill

Team Stat

BlackHawks - Hits : 21 - Faceoff Wins : 43 - Blocked Shots : 24 - Penalty Minutes : 25
Kings - Hits : 24 - Faceoff Wins : 43 - Blocked Shots : 10 - Penalty Minutes : 13

Official

Referees : Darcy Burchell and Mike Hasenfratz
Linesman : Mark Shewchyk and Steve Miller

Game Notes

Dennis Seidenberg and Dion Phaneuf fight to a draw at 16:58 of 3rd period

Finance

Level 1 -- Attendance: 6500 (100.00%) -- Ticket Income $474,500
Level 2 -- Attendance: 5000 (100.00%) -- Ticket Income $290,000
Level 3 -- Attendance: 3366 (96.17%) -- Ticket Income $127,908
Level 4 -- Attendance: 2118 (100.00%) -- Ticket Income $74,130
Luxury Box -- Attendance: 939 (93.90%) -- Ticket Income $169,020
Game was played at the Staples Center'
Total Attendance: 17923 (98.92%)
Total Ticket Income: $1,135,558
Other Income: $170,334
Total Income: $1,305,892

% Time on Ice - BlackHawks

Lines # - Real PCT - Wanted PCT - Time Play
Normal Forward
1 - 31% - 32% - 12:34
2 - 30% - 28% - 12:14
3 - 19% - 20% - 7:35
4 - 20% - 20% - 8:09
Normal Defense
1 - 45% - 40% - 18:21
2 - 29% - 32% - 11:41
3 - 26% - 28% - 10:30
4 - 0% - 0% - 0:00
PP Forward
1 - 64% - 55% - 2:28
2 - 36% - 45% - 1:24
PP Defense
1 - 53% - 60% - 2:02
2 - 47% - 40% - 1:50
PK Forward
1 - 60% - 55% - 8:31
2 - 40% - 45% - 5:39
PK Defense
1 - 50% - 55% - 7:06
2 - 50% - 45% - 7:04
PK3 Forward
1 - 48% - 50% - 0:41
2 - 52% - 50% - 0:45
PK3 Defense
1 - 100% - 55% - 1:26
2 - 0% - 45% - 0:00
44 Forward
1 - 0% - 55%
2 - 0% - 45%
44 Defense
1 - 0% - 55%
2 - 0% - 45%
Last Minute Offensive  - 0:00
Last Minute Defensive  - 0:00
Total
Forward - 60:00
Defense - 60:00

% Time on Ice - Kings

Lines # - Real PCT - Wanted PCT - Time Play
Normal Forward
1 - 26% - 40% - 10:31
2 - 31% - 30% - 12:41
3 - 17% - 20% - 6:46
4 - 26% - 10% - 10:34
Normal Defense
1 - 29% - 40% - 11:48
2 - 36% - 30% - 14:28
3 - 30% - 20% - 12:14
4 - 5% - 10% - 2:02
PP Forward
1 - 52% - 60% - 8:05
2 - 48% - 40% - 7:31
PP Defense
1 - 58% - 60% - 9:06
2 - 42% - 40% - 6:30
PK Forward
1 - 79% - 60% - 3:03
2 - 21% - 40% - 0:49
PK Defense
1 - 71% - 60% - 2:45
2 - 29% - 40% - 1:07
PK3 Forward
1 - 0% - 60%
2 - 0% - 40%
PK3 Defense
1 - 0% - 60%
2 - 0% - 40%
44 Forward
1 - 0% - 60%
2 - 0% - 40%
44 Defense
1 - 0% - 60%
2 - 0% - 40%
Last Minute Offensive  - 0:00
Last Minute Defensive  - 0:00
Total
Forward - 60:00
Defense - 60:00

Play by Play

1st period


0:01 of 1st period - Martin Hanzal wins face-off versus Ryan Nugent-Hopkins in neutral zone.
0:20 of 1st period - Shot by Alex Galchenyuk.
0:20 of 1st period - Shot Misses the Net.
0:22 of 1st period - Shot by Jarred Tinordi.
0:22 of 1st period - Deflect By Alex Galchenyuk.
0:22 of 1st period - Stopped by Steve Mason without a rebound.
0:23 of 1st period - Lars Eller wins face-off versus Mikael Granlund in Kings zone.
0:42 of 1st period - Shot by Mikael Granlund.
0:42 of 1st period - Shot Misses the Net.
2:46 of 1st period - Shot by Kris Letang.
2:46 of 1st period - Goal by Kris Letang - BlackHawks : 0 - Kings : 1.
2:47 of 1st period - Martin Hanzal wins face-off versus Ryan Nugent-Hopkins in neutral zone.
2:47 of 1st period - Minor Penalty to Ryan Nugent-Hopkins for Hooking.
2:48 of 1st period - Michal Handzus wins face-off versus Martin Hanzal in Kings zone.
3:23 of 1st period - Shot by Chris Stewart.
3:23 of 1st period - Goal by Chris Stewart - BlackHawks : 1 - Kings : 1.
3:24 of 1st period - Ryan Nugent-Hopkins wins face-off versus Trevor Lewis in neutral zone.
3:29 of 1st period - Luke Schenn is hit by Colton Sceviour and loses puck.
3:33 of 1st period - Jared Boll is hit by Colton Sceviour and loses puck.
3:50 of 1st period - Shot by Trevor Lewis.
3:50 of 1st period - Shot Blocked by Robyn Regehr.
3:52 of 1st period - Shot by Matt Greene.
3:52 of 1st period - Shot Blocked by Jamie McBain.
3:54 of 1st period - Shot by Trevor Lewis.
3:54 of 1st period - Shot Misses the Net.
3:56 of 1st period - Shot by Trevor Lewis.
3:56 of 1st period - Stopped by Steve Mason without a rebound.
3:57 of 1st period - Lars Eller wins face-off versus Mikael Granlund in Kings zone.
4:03 of 1st period - Icing by Dennis Seidenberg.
4:04 of 1st period - Mikael Granlund wins face-off versus Martin Hanzal in Kings zone.
4:04 of 1st period - Mikael Granlund is hit by Martin Hanzal.
4:10 of 1st period - Dion Phaneuf is hit by Colin Wilson and loses puck.
4:23 of 1st period - Shot by Mikael Granlund.
4:23 of 1st period - Stopped by Eddie Lack without a rebound.
4:24 of 1st period - Lars Eller wins face-off versus Sean Monahan in BlackHawks zone.
4:36 of 1st period - Shot by Mike Richards.
4:36 of 1st period - Stopped by Steve Mason without a rebound.
4:37 of 1st period - Martin Hanzal wins face-off versus Nate Thompson in Kings zone.
5:04 of 1st period - Shot by Martin Hanzal.
5:04 of 1st period - Stopped by Steve Mason without a rebound.
5:05 of 1st period - Lars Eller wins face-off versus Colton Sceviour in Kings zone.
5:35 of 1st period - Icing by Mike Komisarek.
5:36 of 1st period - Mikael Granlund wins face-off versus Lars Eller in BlackHawks zone.
5:38 of 1st period - Minor Penalty to Mike Komisarek for Roughing.
5:39 of 1st period - Zack Smith wins face-off versus Colin Wilson in BlackHawks zone.
6:03 of 1st period - Icing by Mikael Granlund.
6:04 of 1st period - Zack Smith wins face-off versus Mikael Granlund in Kings zone.
6:05 of 1st period - Shot by Douglas Murray.
6:05 of 1st period - Shot Blocked by Dennis Seidenberg.
6:08 of 1st period - Icing by Dennis Seidenberg.
6:09 of 1st period - Sean Monahan wins face-off versus Zack Smith in Kings zone.
6:16 of 1st period - Shot by Mikael Granlund.
6:16 of 1st period - Stopped by Eddie Lack without a rebound.
6:17 of 1st period - Ryan Nugent-Hopkins wins face-off versus Zack Smith in BlackHawks zone.
6:17 of 1st period - Colton Sceviour is hit by Matt Greene and loses puck.
6:20 of 1st period - Shot by Sean Monahan.
6:20 of 1st period - Shot Blocked by Matt Greene.
6:22 of 1st period - Shot by Tyler Myers.
6:22 of 1st period - Shot Misses the Net.
6:24 of 1st period - Shot by Ryan Nugent-Hopkins.
6:24 of 1st period - Stopped by Eddie Lack without a rebound.
6:25 of 1st period - Ryan Nugent-Hopkins wins face-off versus Martin Hanzal in BlackHawks zone.
7:48 of 1st period - Dion Phaneuf is hit by J.T. Brown and loses puck.
8:42 of 1st period - Shot by Martin Hanzal.
8:42 of 1st period - Stopped by Steve Mason without a rebound.
8:43 of 1st period - Mikael Granlund wins face-off versus Lars Eller in Kings zone.
8:56 of 1st period - Shot by Robyn Regehr.
8:56 of 1st period - Shot Blocked by Nathan Horton.
9:02 of 1st period - Shot by Brian Gionta.
9:02 of 1st period - Shot Blocked by Matt Greene.
9:04 of 1st period - Shot by Robyn Regehr.
9:04 of 1st period - Shot Blocked by Matt Greene.
9:06 of 1st period - Shot by Brian Gionta.
9:06 of 1st period - Stopped by Eddie Lack without a rebound.
9:07 of 1st period - Martin Hanzal wins face-off versus Ryan Nugent-Hopkins in BlackHawks zone.
9:44 of 1st period - Shot by Chris Stewart.
9:44 of 1st period - Deflect By Alex Galchenyuk.
9:44 of 1st period - Stopped by Steve Mason without a rebound.
9:45 of 1st period - Mikael Granlund wins face-off versus Zack Smith in Kings zone.
9:45 of 1st period - Mikael Granlund is hit by Brandon Bollig.
9:58 of 1st period - Off-side.
9:59 of 1st period - Mike Richards wins face-off versus Michal Handzus in neutral zone.
10:02 of 1st period - Shot by Lars Eller.
10:02 of 1st period - Stopped by Steve Mason with a rebound.
10:16 of 1st period - Minor Penalty to Tyler Myers for High sticking.
10:17 of 1st period - Martin Hanzal wins face-off versus Michal Handzus in Kings zone.
10:20 of 1st period - Shot by Alex Galchenyuk.
10:20 of 1st period - Goal by Alex Galchenyuk - BlackHawks : 2 - Kings : 1.
10:21 of 1st period - Ryan Nugent-Hopkins wins face-off versus Martin Hanzal in neutral zone.
10:35 of 1st period - Alex Galchenyuk is hit by Sean Monahan and loses puck.
10:50 of 1st period - Shot by Ryan Nugent-Hopkins.
10:50 of 1st period - Stopped by Eddie Lack without a rebound.
10:51 of 1st period - Zack Smith wins face-off versus Colin Wilson in BlackHawks zone.
10:58 of 1st period - Shot by Dwight King.
10:58 of 1st period - Stopped by Steve Mason without a rebound.
10:59 of 1st period - Lars Eller wins face-off versus Mikael Granlund in Kings zone.
11:04 of 1st period - Shot by Luke Schenn.
11:04 of 1st period - Stopped by Steve Mason without a rebound.
11:05 of 1st period - Ryan Nugent-Hopkins wins face-off versus Martin Hanzal in Kings zone.
12:07 of 1st period - Luke Schenn is hit by Colin Wilson and loses puck.
12:20 of 1st period - Shot by Brian Gionta.
12:20 of 1st period - Stopped by Eddie Lack without a rebound.
12:21 of 1st period - Trevor Lewis wins face-off versus Michal Handzus in BlackHawks zone.
12:36 of 1st period - Shot by Trevor Lewis.
12:36 of 1st period - Shot Misses the Net.
13:16 of 1st period - Minor Penalty to Zack Smith for Goalie Interference.
13:17 of 1st period - Mikael Granlund wins face-off versus Brandon Bollig in BlackHawks zone.
13:44 of 1st period - Shot by Kris Letang.
13:44 of 1st period - Stopped by Eddie Lack without a rebound.
13:45 of 1st period - Ryan Nugent-Hopkins wins face-off versus Alex Galchenyuk in BlackHawks zone.
14:04 of 1st period - Shot by Kris Letang.
14:04 of 1st period - Shot Misses the Net.
14:18 of 1st period - Shot by Sean Monahan.
14:18 of 1st period - Shot Misses the Net.
16:51 of 1st period - Ryan Nugent-Hopkins is hit by Matt Greene and loses puck.
16:57 of 1st period - Minor Penalty to Colin Wilson for Holding.
16:58 of 1st period - Martin Hanzal wins face-off versus Michal Handzus in Kings zone.
17:15 of 1st period - Shot by Alex Galchenyuk.
17:15 of 1st period - Stopped by Steve Mason without a rebound.
17:16 of 1st period - Michal Handzus wins face-off versus Martin Hanzal in Kings zone.
18:51 of 1st period - Shot by Alex Galchenyuk.
18:51 of 1st period - Shot Misses the Net.
18:53 of 1st period - Shot by Dion Phaneuf.
18:53 of 1st period - Deflect By Alex Galchenyuk.
18:53 of 1st period - Stopped by Steve Mason with a rebound.
19:58 of 1st period - Mike Komisarek is hit by Tyler Myers and loses puck.
Goals for this period are 2 for BlackHawks vs 1 for Kings.
Shots for this period are 13 for BlackHawks vs 8 for Kings.

2nd period


0:01 of 2nd period - Martin Hanzal wins face-off versus Ryan Nugent-Hopkins in neutral zone.
0:20 of 2nd period - Martin Hanzal is hit by Ryan Nugent-Hopkins and loses puck.
0:58 of 2nd period - Alex Galchenyuk is hit by Ryan Nugent-Hopkins and loses puck.
1:08 of 2nd period - Icing by Martin Hanzal.
1:09 of 2nd period - Mikael Granlund wins face-off versus Martin Hanzal in BlackHawks zone.
2:12 of 2nd period - Michal Handzus is hit by Brandon Bollig and loses puck.
2:23 of 2nd period - Shot by Michal Handzus.
2:23 of 2nd period - Stopped by Eddie Lack without a rebound.
2:24 of 2nd period - Lars Eller wins face-off versus Mikhail Grabovski in BlackHawks zone.
2:39 of 2nd period - Mike Richards is hit by Dennis Seidenberg and loses puck.
2:58 of 2nd period - Ryan Nugent-Hopkins is hit by Mike Komisarek.
2:59 of 2nd period - Minor Penalty to Douglas Murray for Roughing.
3:00 of 2nd period - Mikael Granlund wins face-off versus Zack Smith in BlackHawks zone.
3:27 of 2nd period - Shot by Kris Letang.
3:27 of 2nd period - Shot Misses the Net.
3:33 of 2nd period - Shot by Tyler Myers.
3:33 of 2nd period - Shot Misses the Net.
3:35 of 2nd period - Shot by Kris Letang.
3:35 of 2nd period - Shot Blocked by Luke Schenn.
3:37 of 2nd period - Shot by Tyler Myers.
3:37 of 2nd period - Shot Blocked by Matt Greene.
4:07 of 2nd period - Icing by Jamie McBain.
4:08 of 2nd period - Zack Smith wins face-off versus Ryan Nugent-Hopkins in Kings zone.
4:39 of 2nd period - Shot by Dennis Seidenberg.
4:39 of 2nd period - Shot Blocked by Matt Greene.
4:41 of 2nd period - Shot by Jamie McBain.
4:41 of 2nd period - Stopped by Eddie Lack without a rebound.
4:42 of 2nd period - Zack Smith wins face-off versus Ryan Nugent-Hopkins in BlackHawks zone.
4:42 of 2nd period - Zack Smith is hit by Ryan Nugent-Hopkins.
5:14 of 2nd period - Shot by Mike Richards.
5:14 of 2nd period - Stopped by Steve Mason with a rebound.
5:28 of 2nd period - Shot by Nathan Horton.
5:28 of 2nd period - Shot Misses the Net.
5:30 of 2nd period - Shot by Douglas Murray.
5:30 of 2nd period - Shot Misses the Net.
5:32 of 2nd period - Shot by Douglas Murray.
5:32 of 2nd period - Shot Misses the Net.
5:34 of 2nd period - Shot by Douglas Murray.
5:34 of 2nd period - Stopped by Steve Mason without a rebound.
5:35 of 2nd period - Mikael Granlund wins face-off versus Trevor Lewis in Kings zone.
6:24 of 2nd period - Shot by Zack Smith.
6:24 of 2nd period - Stopped by Steve Mason with a rebound.
6:50 of 2nd period - Shot by Dwight King.
6:50 of 2nd period - Deflect By Zack Smith.
6:50 of 2nd period - Shot Blocked by Jamie McBain.
6:54 of 2nd period - Shot by Zack Smith.
6:54 of 2nd period - Shot Blocked by Jamie McBain.
6:56 of 2nd period - Shot by Brandon Bollig.
6:56 of 2nd period - Stopped by Steve Mason without a rebound.
6:57 of 2nd period - Martin Hanzal wins face-off versus Ryan Nugent-Hopkins in Kings zone.
7:00 of 2nd period - Shot by Chris Stewart.
7:00 of 2nd period - Shot Blocked by Kris Letang.
7:12 of 2nd period - Shot by Alex Galchenyuk.
7:12 of 2nd period - Stopped by Steve Mason without a rebound.
7:13 of 2nd period - Lars Eller wins face-off versus Mikhail Grabovski in Kings zone.
7:30 of 2nd period - Nathan Horton is hit by Ryan Nugent-Hopkins and loses puck.
7:52 of 2nd period - Icing by Ryan Nugent-Hopkins.
7:53 of 2nd period - Mikhail Grabovski wins face-off versus Martin Hanzal in Kings zone.
8:42 of 2nd period - Shot by Kris Letang.
8:42 of 2nd period - Stopped by Eddie Lack without a rebound.
8:43 of 2nd period - Zack Smith wins face-off versus Mikael Granlund in BlackHawks zone.
8:59 of 2nd period - Shot by Zack Smith.
8:59 of 2nd period - Shot Misses the Net.
9:04 of 2nd period - Minor Penalty to Brandon Bollig for Hooking.
9:05 of 2nd period - Ryan Nugent-Hopkins wins face-off versus Zack Smith in BlackHawks zone.
9:18 of 2nd period - Shot by Ryan Nugent-Hopkins.
9:18 of 2nd period - Shot Misses the Net.
9:30 of 2nd period - Shot by Kris Letang.
9:30 of 2nd period - Shot Misses the Net.
9:32 of 2nd period - Shot by Kris Letang.
9:32 of 2nd period - Stopped by Eddie Lack without a rebound.
9:33 of 2nd period - Mikael Granlund wins face-off versus Martin Hanzal in BlackHawks zone.
9:48 of 2nd period - Douglas Murray is hit by Colin Wilson and loses puck.
10:37 of 2nd period - Shot by Jamie McBain.
10:37 of 2nd period - Stopped by Eddie Lack without a rebound.
10:38 of 2nd period - Zack Smith wins face-off versus Ryan Nugent-Hopkins in BlackHawks zone.
10:44 of 2nd period - Icing by Ryan Nugent-Hopkins.
10:45 of 2nd period - Ryan Nugent-Hopkins wins face-off versus Zack Smith in Kings zone.
10:50 of 2nd period - Shot by Dennis Seidenberg.
10:50 of 2nd period - Stopped by Eddie Lack without a rebound.
10:51 of 2nd period - Martin Hanzal wins face-off versus Mikael Granlund in BlackHawks zone.
11:00 of 2nd period - Shot by Kris Letang.
11:00 of 2nd period - Goal by Kris Letang - BlackHawks : 2 - Kings : 2.
11:01 of 2nd period - Mikael Granlund wins face-off versus Patrick Bordeleau in neutral zone.
11:01 of 2nd period - Brian Gionta is hit by Trevor Lewis and loses puck.
11:44 of 2nd period - Shot by Tyler Myers.
11:44 of 2nd period - Shot Blocked by Dion Phaneuf.
11:46 of 2nd period - Shot by Mikael Granlund.
11:46 of 2nd period - Stopped by Eddie Lack without a rebound.
11:47 of 2nd period - Martin Hanzal wins face-off versus Ryan Nugent-Hopkins in BlackHawks zone.
11:54 of 2nd period - Shot by Alex Galchenyuk.
11:54 of 2nd period - Stopped by Steve Mason without a rebound.
11:55 of 2nd period - Ryan Nugent-Hopkins wins face-off versus Martin Hanzal in Kings zone.
12:07 of 2nd period - Minor Penalty to Colton Sceviour for Hooking.
12:08 of 2nd period - Michal Handzus wins face-off versus Lars Eller in Kings zone.
12:48 of 2nd period - Lars Eller is hit by Kris Letang.
13:12 of 2nd period - Shot by Jarred Tinordi.
13:12 of 2nd period - Shot Blocked by Dennis Seidenberg.
13:20 of 2nd period - Shot by Alex Galchenyuk.
13:20 of 2nd period - Goal by Alex Galchenyuk - BlackHawks : 3 - Kings : 2.
13:21 of 2nd period - Ryan Nugent-Hopkins wins face-off versus Trevor Lewis in neutral zone.
13:30 of 2nd period - Shot by Colton Sceviour.
13:30 of 2nd period - Shot Misses the Net.
13:34 of 2nd period - Shot by Ryan Nugent-Hopkins.
13:34 of 2nd period - Stopped by Eddie Lack with a rebound.
13:42 of 2nd period - Shot by Ryan Nugent-Hopkins.
13:42 of 2nd period - Goal by Ryan Nugent-Hopkins - BlackHawks : 3 - Kings : 3.
13:43 of 2nd period - Martin Hanzal wins face-off versus Mikhail Grabovski in neutral zone.
13:48 of 2nd period - Jamie McBain is hit by Chris Stewart and loses puck.
13:49 of 2nd period - Minor Penalty to Martin Hanzal for High sticking.
13:50 of 2nd period - Zack Smith wins face-off versus Ryan Nugent-Hopkins in BlackHawks zone.
14:08 of 2nd period - Icing by Tyler Myers.
14:09 of 2nd period - Ryan Nugent-Hopkins wins face-off versus Zack Smith in Kings zone.
15:00 of 2nd period - Shot by Mikael Granlund.
15:00 of 2nd period - Shot Misses the Net.
15:06 of 2nd period - Shot by Mikael Granlund.
15:06 of 2nd period - Shot Misses the Net.
15:08 of 2nd period - Shot by Dennis Seidenberg.
15:08 of 2nd period - Shot Blocked by Douglas Murray.
15:20 of 2nd period - Dion Phaneuf is hit by J.T. Brown and loses puck.
15:25 of 2nd period - Shot by Jamie McBain.
15:25 of 2nd period - Shot Blocked by Dwight King.
15:27 of 2nd period - Shot by Jamie McBain.
15:27 of 2nd period - Stopped by Eddie Lack without a rebound.
15:28 of 2nd period - Zack Smith wins face-off versus Ryan Nugent-Hopkins in BlackHawks zone.
15:28 of 2nd period - Zack Smith is hit by Colton Sceviour.
15:48 of 2nd period - Shot by Sean Monahan.
15:48 of 2nd period - Deflect By Ryan Nugent-Hopkins.
15:48 of 2nd period - Shot Misses the Net.
16:19 of 2nd period - Shot by Dennis Seidenberg.
16:19 of 2nd period - Shot Misses the Net.
16:39 of 2nd period - Shot by Mikael Granlund.
16:39 of 2nd period - Shot Misses the Net.
16:41 of 2nd period - Shot by Colin Wilson.
16:41 of 2nd period - Stopped by Eddie Lack with a rebound.
16:43 of 2nd period - Shot by Jamie McBain.
16:43 of 2nd period - Shot Misses the Net.
16:45 of 2nd period - Shot by Jamie McBain.
16:45 of 2nd period - Stopped by Eddie Lack with a rebound.
16:47 of 2nd period - Shot by Colin Wilson.
16:47 of 2nd period - Shot Blocked by Nathan Horton.
17:24 of 2nd period - Dion Phaneuf is hit by Tyler Myers and loses puck.
17:28 of 2nd period - Icing by Tyler Myers.
17:29 of 2nd period - Ryan Nugent-Hopkins wins face-off versus Martin Hanzal in Kings zone.
17:29 of 2nd period - Ryan Nugent-Hopkins is hit by Chris Stewart.
17:32 of 2nd period - Tyler Myers is hit by Chris Stewart and loses puck.
17:38 of 2nd period - Martin Hanzal is hit by Tyler Myers and loses puck.
17:58 of 2nd period - Icing by Luke Schenn.
17:59 of 2nd period - J.T. Brown wins face-off versus Alex Galchenyuk in BlackHawks zone.
17:59 of 2nd period - J.T. Brown is hit by Matt Greene.
18:21 of 2nd period - Shot by Martin Hanzal.
18:21 of 2nd period - Stopped by Steve Mason without a rebound.
18:22 of 2nd period - Mikael Granlund wins face-off versus Zack Smith in Kings zone.
18:22 of 2nd period - Mikael Granlund is hit by Zack Smith.
18:41 of 2nd period - Shot by Zack Smith.
18:41 of 2nd period - Shot Misses the Net.
18:43 of 2nd period - Shot by Zack Smith.
18:43 of 2nd period - Shot Blocked by Jamie McBain.
18:51 of 2nd period - Shot by Dwight King.
18:51 of 2nd period - Shot Misses the Net.
18:53 of 2nd period - Shot by Brandon Bollig.
18:53 of 2nd period - Stopped by Steve Mason with a rebound.
18:55 of 2nd period - Shot by Douglas Murray.
18:55 of 2nd period - Stopped by Steve Mason without a rebound.
18:56 of 2nd period - Ryan Nugent-Hopkins wins face-off versus Trevor Lewis in Kings zone.
18:58 of 2nd period - Icing by Dennis Seidenberg.
18:59 of 2nd period - Martin Hanzal wins face-off versus Ryan Nugent-Hopkins in Kings zone.
19:12 of 2nd period - Shot by Sean Monahan.
19:12 of 2nd period - Stopped by Eddie Lack with a rebound.
19:14 of 2nd period - Shot by Dennis Seidenberg.
19:14 of 2nd period - Shot Misses the Net.
19:20 of 2nd period - Shot by Sean Monahan.
19:20 of 2nd period - Stopped by Eddie Lack without a rebound.
19:21 of 2nd period - Brian Gionta wins face-off versus Zack Smith in BlackHawks zone.
19:57 of 2nd period - Shot by Tyler Myers.
19:57 of 2nd period - Stopped by Eddie Lack with a rebound.
Goals for this period are 1 for BlackHawks vs 2 for Kings.
Shots for this period are 10 for BlackHawks vs 16 for Kings.

3rd period


0:01 of 3rd period - Ryan Nugent-Hopkins wins face-off versus Martin Hanzal in neutral zone.
0:14 of 3rd period - Shot by Chris Stewart.
0:14 of 3rd period - Shot Misses the Net.
0:16 of 3rd period - Shot by Alex Galchenyuk.
0:16 of 3rd period - Shot Misses the Net.
0:18 of 3rd period - Shot by Luke Schenn.
0:18 of 3rd period - Shot Misses the Net.
0:20 of 3rd period - Shot by Martin Hanzal.
0:20 of 3rd period - Shot Blocked by Ryan Nugent-Hopkins.
0:24 of 3rd period - Shot by Alex Galchenyuk.
0:24 of 3rd period - Stopped by Steve Mason without a rebound.
0:25 of 3rd period - Mikael Granlund wins face-off versus Zack Smith in Kings zone.
0:25 of 3rd period - Tobias Enstrom is hit by Brandon Bollig and loses puck.
0:47 of 3rd period - Shot by Mikael Granlund.
0:47 of 3rd period - Stopped by Eddie Lack with a rebound.
1:30 of 3rd period - Minor Penalty to Jarred Tinordi for Roughing.
1:31 of 3rd period - Martin Hanzal wins face-off versus Ryan Nugent-Hopkins in BlackHawks zone.
1:59 of 3rd period - Shot by Dennis Seidenberg.
1:59 of 3rd period - Shot Blocked by Luke Schenn.
2:01 of 3rd period - Shot by Sean Monahan.
2:01 of 3rd period - Shot Misses the Net.
2:05 of 3rd period - Shot by Kris Letang.
2:05 of 3rd period - Shot Misses the Net.
2:07 of 3rd period - Shot by Kris Letang.
2:07 of 3rd period - Deflect By Colton Sceviour.
2:07 of 3rd period - Goal by Colton Sceviour - BlackHawks : 3 - Kings : 4.
2:08 of 3rd period - Lars Eller wins face-off versus Michal Handzus in neutral zone.
2:08 of 3rd period - Matt Greene is hit by J.T. Brown and loses puck.
2:16 of 3rd period - Matt Greene is hit by Robyn Regehr and loses puck.
2:56 of 3rd period - Robyn Regehr is hit by Patrick Bordeleau and loses puck.
4:08 of 3rd period - Shot by Sean Monahan.
4:08 of 3rd period - Shot Misses the Net.
4:10 of 3rd period - Shot by Kris Letang.
4:10 of 3rd period - Stopped by Eddie Lack with a rebound.
4:14 of 3rd period - Shot by Ryan Nugent-Hopkins.
4:14 of 3rd period - Shot Misses the Net.
4:55 of 3rd period - Minor Penalty to Dion Phaneuf for Interference.
4:56 of 3rd period - Zack Smith wins face-off versus Ryan Nugent-Hopkins in BlackHawks zone.
4:56 of 3rd period - Zack Smith is hit by Colton Sceviour.
5:05 of 3rd period - Icing by Dennis Seidenberg.
5:06 of 3rd period - Zack Smith wins face-off versus Ryan Nugent-Hopkins in Kings zone.
5:09 of 3rd period - Shot by Brandon Bollig.
5:09 of 3rd period - Shot Misses the Net.
5:21 of 3rd period - Shot by Brandon Bollig.
5:21 of 3rd period - Stopped by Steve Mason without a rebound.
5:22 of 3rd period - Mikael Granlund wins face-off versus Zack Smith in Kings zone.
5:28 of 3rd period - Minor Penalty to Jarred Tinordi for Interference.
5:29 of 3rd period - Martin Hanzal wins face-off versus Mikael Granlund in BlackHawks zone.
5:45 of 3rd period - Shot by Tyler Myers.
5:45 of 3rd period - Shot Misses the Net.
5:47 of 3rd period - Shot by Sean Monahan.
5:47 of 3rd period - Shot Blocked by Luke Schenn.
6:37 of 3rd period - Icing by J.T. Brown.
6:38 of 3rd period - Martin Hanzal wins face-off versus Ryan Nugent-Hopkins in Kings zone.
7:11 of 3rd period - Ryan Nugent-Hopkins is hit by Zack Smith.
7:38 of 3rd period - Minor Penalty to Jarred Tinordi for Holding.
7:39 of 3rd period - Mikael Granlund wins face-off versus Zack Smith in BlackHawks zone.
7:42 of 3rd period - Shot by Kris Letang.
7:42 of 3rd period - Stopped by Eddie Lack with a rebound.
8:03 of 3rd period - Shot by Colin Wilson.
8:03 of 3rd period - Shot Misses the Net.
8:05 of 3rd period - Shot by Colin Wilson.
8:05 of 3rd period - Shot Misses the Net.
8:07 of 3rd period - Shot by Tyler Myers.
8:07 of 3rd period - Shot Misses the Net.
8:09 of 3rd period - Shot by Kris Letang.
8:09 of 3rd period - Stopped by Eddie Lack with a rebound.
9:09 of 3rd period - Shot by Jamie McBain.
9:09 of 3rd period - Shot Blocked by Alex Galchenyuk.
9:11 of 3rd period - Shot by Tyler Myers.
9:11 of 3rd period - Stopped by Eddie Lack without a rebound.
9:12 of 3rd period - Martin Hanzal wins face-off versus Mikael Granlund in BlackHawks zone.
9:39 of 3rd period - Shot by Ryan Nugent-Hopkins.
9:39 of 3rd period - Shot Misses the Net.
10:00 of 3rd period - Dustin Penner is hit by Jarred Tinordi and loses puck.
10:04 of 3rd period - Icing by Nathan Horton.
10:05 of 3rd period - Lars Eller wins face-off versus Michal Handzus in BlackHawks zone.
10:15 of 3rd period - Jamie McBain is hit by Jarred Tinordi and loses puck.
11:07 of 3rd period - Tyler Myers is hit by Martin Hanzal.
11:10 of 3rd period - Icing by Tobias Enstrom.
11:11 of 3rd period - Mikhail Grabovski wins face-off versus Zack Smith in Kings zone.
12:06 of 3rd period - Icing by Dion Phaneuf.
12:07 of 3rd period - Martin Hanzal wins face-off versus Mikael Granlund in BlackHawks zone.
12:14 of 3rd period - Minor Penalty to Martin Hanzal for Tripping.
12:15 of 3rd period - Mikael Granlund wins face-off versus Zack Smith in BlackHawks zone.
12:16 of 3rd period - Shot by Kris Letang.
12:16 of 3rd period - Shot Blocked by Matt Greene.
12:18 of 3rd period - Shot by Dennis Seidenberg.
12:18 of 3rd period - Shot Misses the Net.
12:20 of 3rd period - Shot by Dennis Seidenberg.
12:20 of 3rd period - Stopped by Eddie Lack with a rebound.
12:22 of 3rd period - Shot by Colin Wilson.
12:22 of 3rd period - Shot Hit the Post.
12:24 of 3rd period - Shot by Colin Wilson.
12:24 of 3rd period - Shot Misses the Net.
12:26 of 3rd period - Shot by Dennis Seidenberg.
12:26 of 3rd period - Shot Misses the Net.
12:34 of 3rd period - Shot by Sean Monahan.
12:34 of 3rd period - Stopped by Eddie Lack with a rebound.
12:36 of 3rd period - Shot by Colin Wilson.
12:36 of 3rd period - Shot Blocked by Matt Greene.
12:38 of 3rd period - Shot by Dennis Seidenberg.
12:38 of 3rd period - Shot Blocked by Dion Phaneuf.
12:40 of 3rd period - Shot by Kris Letang.
12:40 of 3rd period - Shot Blocked by Dion Phaneuf.
12:42 of 3rd period - Shot by Dennis Seidenberg.
12:42 of 3rd period - Stopped by Eddie Lack without a rebound.
12:43 of 3rd period - Ryan Nugent-Hopkins wins face-off versus Alex Galchenyuk in BlackHawks zone.
12:44 of 3rd period - Shot by Kris Letang.
12:44 of 3rd period - Shot Blocked by Luke Schenn.
12:46 of 3rd period - Shot by Kris Letang.
12:46 of 3rd period - Shot Misses the Net.
12:48 of 3rd period - Shot by Kris Letang.
12:48 of 3rd period - Shot Blocked by Douglas Murray.
12:50 of 3rd period - Shot by Dennis Seidenberg.
12:50 of 3rd period - Goal by Dennis Seidenberg - BlackHawks : 3 - Kings : 5.
12:51 of 3rd period - Michal Handzus wins face-off versus Martin Hanzal in neutral zone.
12:56 of 3rd period - Shot by Jamie McBain.
12:56 of 3rd period - Deflect By Michal Handzus.
12:56 of 3rd period - Goal by Michal Handzus - BlackHawks : 3 - Kings : 6.
12:57 of 3rd period - Martin Hanzal wins face-off versus Mikael Granlund in neutral zone.
12:57 of 3rd period - Martin Hanzal is hit by Brian Gionta.
13:10 of 3rd period - Off-side.
13:11 of 3rd period - Lars Eller wins face-off versus Ryan Nugent-Hopkins in neutral zone.
13:29 of 3rd period - Icing by Tobias Enstrom.
13:30 of 3rd period - Ryan Nugent-Hopkins wins face-off versus Martin Hanzal in Kings zone.
14:53 of 3rd period - Colin Wilson is hit by Matt Greene and loses puck.
15:10 of 3rd period - Shot by Brian Gionta.
15:10 of 3rd period - Shot Misses the Net.
15:40 of 3rd period - Shot by Michal Handzus.
15:40 of 3rd period - Stopped by Eddie Lack with a rebound.
15:47 of 3rd period - Icing by Mike Komisarek.
15:48 of 3rd period - Mikhail Grabovski wins face-off versus Zack Smith in BlackHawks zone.
15:59 of 3rd period - Shot by Tyler Myers.
15:59 of 3rd period - Shot Blocked by Mike Komisarek.
16:01 of 3rd period - Shot by Dustin Penner.
16:01 of 3rd period - Shot Blocked by Douglas Murray.
16:03 of 3rd period - Shot by Dustin Penner.
16:03 of 3rd period - Shot Misses the Net.
16:15 of 3rd period - Shot by Tobias Enstrom.
16:15 of 3rd period - Shot Blocked by Mike Komisarek.
16:27 of 3rd period - Shot by Tobias Enstrom.
16:27 of 3rd period - Stopped by Eddie Lack without a rebound.
16:28 of 3rd period - Martin Hanzal wins face-off versus Mikael Granlund in BlackHawks zone.
16:55 of 3rd period - Shot by Mikael Granlund.
16:55 of 3rd period - Shot Misses the Net.
16:57 of 3rd period - Shot by Dennis Seidenberg.
16:57 of 3rd period - Stopped by Eddie Lack with a rebound.
16:58 of 3rd period - Dennis Seidenberg and Dion Phaneuf fight to a draw.
16:58 of 3rd period - Penalty to Dennis Seidenberg for Fighting.
16:58 of 3rd period - Penalty to Dion Phaneuf for Fighting.
16:59 of 3rd period - Michal Handzus wins face-off versus Lars Eller in BlackHawks zone.
17:33 of 3rd period - Shot by Matt Greene.
17:33 of 3rd period - Shot Blocked by Nate Thompson.
17:59 of 3rd period - Jarred Tinordi is hit by Sean Monahan and loses puck.
18:40 of 3rd period - Jamie McBain is hit by Martin Hanzal and loses puck.
18:53 of 3rd period - Jamie McBain is hit by Douglas Murray and loses puck.
19:00 of 3rd period - Shot by Mikael Granlund.
19:00 of 3rd period - Shot Blocked by Douglas Murray.
19:32 of 3rd period - Icing by Jared Boll.
19:33 of 3rd period - Trevor Lewis wins face-off versus Michal Handzus in BlackHawks zone.
19:37 of 3rd period - Jared Boll is hit by Nate Thompson and loses puck.
19:58 of 3rd period - Shot by Nate Thompson.
19:58 of 3rd period - Stopped by Eddie Lack without a rebound.
19:59 of 3rd period - Ryan Nugent-Hopkins wins face-off versus Lars Eller in BlackHawks zone.
Goals for this period are 0 for BlackHawks vs 3 for Kings.
Shots for this period are 2 for BlackHawks vs 15 for Kings.


Output by the SimonT Hockey Simulator (STHS) for Stephane Roy -- Original Page W3C XHTML 1.0 Valid
Hockey Simulator - Hockey Simulation - Hockey Manager